 Dungeon Crawl Stone Soup version 0.29.1-4-g47bece8355 (webtiles) character file.

Game seed: 15856190071923972276

97 Anriel the Shooter (level 4, -6/27 HPs)
             Began as a Deep Elf Hunter on Dec 8, 2022.
             Splashed by a jelly's acid (9 damage)
             ... on level 3 of the Dungeon.
             The game lasted 00:11:22 (2013 turns).

Anriel the Shooter (Deep Elf Hunter)                Turns: 2013, Time: 00:11:22

Health: -6/27      AC: -9    Str:  8    XL:     4   Next: 42%
Magic:  6/6        EV: 12    Int: 14    God:
Gold:   89         SH:  0    Dex: 20    Spells: 3/3 levels left

rFire   + . .      SeeInvis .   a - +1 shortbow
rCold   + + .      Faith    .   (shield currently unavailable)
rNeg    . . .      Spirit   .   c - +0 leather armour
rPois   .          Reflect  .   (no helmet)
rElec   .          Harm     .   g - scarf {rC+ rF+}
rCorr   .          Rampage  .   (no gloves)
Will    .....                   (no boots)
Stlth   ++........              (no amulet)
HPRegen 0.09/turn               j - ring of protection from cold
MPRegen 0.10/turn               (no ring)

@: corroded
A: no striking features
a: no special abilities


You were on level 3 of the Dungeon.
You visited 1 branch of the dungeon, and saw 3 of its levels.

You collected 89 gold pieces.

Inventory:

Hand Weapons
 a - a +1 shortbow (weapon)
Armour
 c - a +0 leather armour (worn)
 g - a scarf of resistance (worn)
Jewellery
 d - an amulet of magic regeneration
 j - a ring of protection from cold (left hand)
Scrolls
 b - a scroll of immolation
 k - 2 scrolls of enchant armour {unknown}
 l - a scroll of teleportation
Potions
 e - a potion of heal wounds {unknown}
 f - 5 potions of curing {unknown}
 h - a potion of haste
 i - a potion of resistance {unknown}
 m - a potion of might {unknown}
 n - a potion of lignification {unknown}


   Skills:
 + Level 2.9 Fighting
 + Level 6.7 Ranged Weapons
 - Level 2.4 Dodging
 - Level 1.2 Stealth


You had 3 spell levels left.
You didn't know any spells.
Your spell library contained the following spells:

 Spells                   Type           Power      Damage    Failure   Level
 Magic Dart               Conj           0%         1d3       38%         1
 Searing Ray              Conj           0%         2d4       54%         2
 Sublimation of Blood     Necr           0%         N/A       54%         2
 Fulminant Prism          Conj/Hex       0%         3d6       99%         4
 Petrify                  Tmut/Erth      0%         N/A       99%         4
 Irradiate                Conj/Tmut      0%         3d11      100%        5


Dungeon Overview and Level Annotations

Branches:
Dungeon (3/15)

Altars:
Sif Muna


Message History

The arrow hits the jelly but does no damage.
The jelly is severely wounded.
The adder completely misses you. The adder closely misses you.
Fire: a) +1 shortbow
Press: ? - help, Q - select action Shift-Dir - straight line, f - adder
Aim: an adder (52% to hit)
You shoot an arrow. The arrow hits the adder.
The adder is lightly wounded.
The adder bites you but does no damage. The adder completely misses you.
Fire: a) +1 shortbow
Press: ? - help, Q - select action Shift-Dir - straight line, f - jelly, p - adder
Aim: a jelly (severely wounded, 91% to hit)
You shoot an arrow. The arrow hits the adder.
The adder is severely wounded.
The adder misses you.
Fire: a) +1 shortbow
Press: ? - help, Q - select action Shift-Dir - straight line, f - adder
Aim: an adder (severely wounded, 52% to hit)
You shoot an arrow. The arrow hits the adder!
You kill the adder!
The jelly hits you. The acid corrodes you!
You are splashed with acid!
Fire: a) +1 shortbow
Press: ? - help, Q - select action Shift-Dir - straight line, f - jelly
Aim: a jelly (severely wounded, 91% to hit)
You shoot an arrow.
The arrow hits the jelly but does no damage.
The jelly is severely wounded.
The jelly hits you. The acid corrodes you!
You are splashed with acid!
* * * LOW HITPOINT WARNING * * *
Fire: a) +1 shortbow
Press: ? - help, Q - select action Shift-Dir - straight line, f/p - jelly
Aim: a jelly (severely wounded, 91% to hit)
You shoot an arrow.
The arrow hits the jelly but does no damage.
The jelly is severely wounded.
The jelly misses you. The jelly attacks as you move away! The jelly hits you.
* * * LOW HITPOINT WARNING * * *
The acid corrodes you!
You are splashed with acid!
You die...

##### ###########...#####
#...........#...@.#
...########...###J##
....############...#####
.........................
.....###########...##...#
.....# ##.......# .....#
#..##...# ...#.# #..# .##
##.#.# #..# #


You could see a jelly.

Vanquished Creatures
  An adder (D:3)
  4 gnolls
  A worm (D:2)
  A dart slug (D:1)
  5 ball pythons
  3 endoplasms
  2 giant cockroaches
  6 goblins
  3 hobgoblins (D:1)
  4 jackals (D:1)
  A quokka (D:1)
  A bat (D:2)
  3 frilled lizards (D:2)
  6 kobolds
  3 rats
44 creatures vanquished.

Notes
Turn   | Place    | Note
-------+----------+-------------------------------------------
     0 | D:1      | Anriel the Deep Elf Hunter began the quest for the Orb.
     0 | D:1      | Reached XP level 1. HP: 12/12 MP: 3/3
   139 | D:1      | Reached XP level 2. HP: 17/17 MP: 4/4
   245 | D:1      | Found a faded altar of an unknown god.
   280 | D:1      | Reached skill level 6 in Ranged Weapons
   434 | D:1      | Reached XP level 3. HP: 21/21 MP: 5/5
   950 | D:2      | Reached XP level 4. HP: 27/27 MP: 6/6
   986 | D:2      | Found a shimmering blue altar of Sif Muna.
  2013 | D:3      | Splashed by a jelly's acid

Illustrated notes

Levels and vault maps discovered:
D:1:      saegor_arrival_simple_c, layout_loops_ring,
          ebering_ecumenical_altar_mist, minmay_tromino_v7
D:2:      minmay_evil_eye, layout_loops_corners, serial_glass, glass_columns_c,
          glass_columns_b, basic_altar, minmay_misc_feat_tiny,
          minmay_misc_feat_alley, minmay_close_crescents
D:3:      layout_loops_ring, nicolae_titane

Skill      XL: |  1  2 |
---------------+-------+-----
Fighting       | 2 |  2.9
Ranged Weapons | 6 |  6.7
Dodging        | |  2.4
Stealth        | |  1.2

Action                   |  1- 3 |  4- 6 || total
-------------------------+-------+-------++-------
 Fire: Shortbow          |    59 |    37 ||    96
  Use: Scroll            |     4 |     1 ||     5
Armor: Leather armour    |     4 |     4 ||     8
Dodge: Dodged            |    19 |    11 ||    30
